| TOP OF THE 1ST |
|
Roswell Invaders batting - Pitching for Madison Brewers : RHP Joe Shaw
|
|
Pitching: RHP Joe Shaw
|
|
|
Batting: SHB Salvador Aragon
|
0-0: Called Strike 0-1: Ball 1-1: Foul Ball, location: 2F 1-2: Foul Ball, location: 2F 1-2: Ball 2-2: Ground out 4-3 (Groundball, 4, EV 82.5 MPH)
|
|
Batting: RHB Dale Young
|
0-0: Ball 1-0: SINGLE (Flyball, 89S, EV 91.9 MPH)
|
|
Batting: RHB Alex Vasquez
|
0-0: Ball 1-0: Called Strike 1-1: Fly out, F7 (Flyball, 7LS, EV 93.8 MPH)
|
|
Batting: RHB Juan Espinoza
|
0-0: Called Strike 0-1: Ball 1-1: Foul Ball, location: 2F 1-2: Foul Ball, location: 2F 1-2: Strikes out swinging
|
| Top of the 1st over - 0 runs, 1 hit, 0 errors, 1 left on base; Roswell 0 - Madison 0 |
| BOTTOM OF THE 1ST |
|
Madison Brewers batting - Pitching for Roswell Invaders : RHP Joe Schuler
|
|
Pitching: RHP Joe Schuler
|
|
|
Batting: RHB Bobby McCann
|
0-0: Ball 1-0: Called Strike 1-1: Foul Ball, location: 2F 1-2: Foul Ball, location: 2F 1-2: Strikes out swinging
|
|
Batting: LHB Andy Sanchez
|
0-0: Called Strike 0-1: Ball 1-1: Ground out 4-3 (Groundball, 4, EV 78.8 MPH)
|
|
Batting: RHB Gene Sutton
|
0-0: Foul Ball, location: 2F 0-1: SINGLE (Flyball, 5D, EV 85.0 MPH)
|
|
Batting: RHB Ron Johansen
|
0-0: Foul Ball, location: 2F 0-1: Ball 1-1: Ball 2-1: Ball 3-1: Foul Ball, location: 2F 3-2: Base on Balls Gene Sutton to second
|
|
Batting: RHB Adam O'Hare
|
0-0: Ball 1-0: Ball Wild Pitch! Gene Sutton to third Ron Johansen to second 2-0: Ball 3-0: Base on Balls
|
|
Batting: RHB Dave Bateman
|
0-0: Ball 1-0: Fly out, F7 (Flyball, 7, EV 89.4 MPH)
|
| Bottom of the 1st over - 0 runs, 1 hit, 0 errors, 3 left on base; Roswell 0 - Madison 0 |
| TOP OF THE 2ND |
|
Roswell Invaders batting - Pitching for Madison Brewers : RHP Joe Shaw
|
|
Batting: LHB Ruben Rocha
|
0-0: Ball 1-0: Swinging Strike 1-1: Foul Ball, location: 2F 1-2: Strikes out swinging
|
|
Batting: RHB Ruben Torres
|
0-0: Called Strike 0-1: Ball 1-1: Ball 2-1: Foul Ball, location: 2F 2-2: Foul Ball, location: 2F 2-2: SINGLE (Groundball, 6MD, EV 108.1 MPH)
|
|
Batting: LHB Bobby Arevalo
|
0-0: Foul Ball, location: 2F 0-1: Called Strike 0-2: Foul Ball, location: 2F 0-2: Fly out, F9 (Line Drive, 9, EV 94.4 MPH)
|
|
Batting: RHB Marlon Reda
|
0-0: Foul Ball, location: 2F 0-1: Ball 1-1: Fly out, F4 (Popup, 4, EV 61.3 MPH)
|
| Top of the 2nd over - 0 runs, 1 hit, 0 errors, 1 left on base; Roswell 0 - Madison 0 |
| BOTTOM OF THE 2ND |
|
Madison Brewers batting - Pitching for Roswell Invaders : RHP Joe Schuler
|
|
Batting: SHB Hatsuo Miura
|
0-0: Foul Ball, location: 2F 0-1: Ball 1-1: Ground out U3 (Groundball, 3, EV 105.0 MPH)
|
|
Batting: RHB David Kunze
|
0-0: Called Strike 0-1: Ball 1-1: TRIPLE (Flyball, 9LD, EV 91.9 MPH)
|
|
Batting: RHB Raymond Young
|
0-0: Called Strike 0-1: Foul Ball, location: 2F 0-2: DOUBLE (Flyball, 8LD, EV 94.4 MPH) David Kunze scores
|
|
Batting: RHB Bobby McCann
|
0-0: Ball 1-0: Called Strike 1-1: Foul Ball, location: 2F 1-2: Fly out, F9 (Flyball, 89D, EV 95.6 MPH) Runner from 2nd tags up, SAFE at 3rd, no throw by RF
|
|
Batting: LHB Andy Sanchez
|
0-0: Ball 1-0: Ball 2-0: Called Strike 2-1: Called Strike 2-2: Ball 3-2: Foul Ball, location: 2F 3-2: Base on Balls
|
|
Batting: RHB Gene Sutton
|
0-0: Called Strike 0-1: Ground out U3 (Groundball, 34S, EV 76.3 MPH)
|
| Bottom of the 2nd over - 1 run, 2 hits, 0 errors, 2 left on base; Roswell 0 - Madison 1 |
| TOP OF THE 3RD |
|
Roswell Invaders batting - Pitching for Madison Brewers : RHP Joe Shaw
|
|
Batting: LHB Steve Reinhart
|
0-0: Called Strike 0-1: Ball 1-1: Swinging Strike 1-2: Ball 2-2: Ball 3-2: Fly out, F6 (Line Drive, 6, EV 73.1 MPH)
|
|
Batting: SHB Salvador Aragon
|
0-0: Ground out 1-3 (Groundball, 13, EV 60.6 MPH)
|
|
Batting: RHB Dale Young
|
0-0: Ball 1-0: Called Strike 1-1: Foul Ball, location: 2F 1-2: Strikes out swinging
|
| Top of the 3rd over - 0 runs, 0 hits, 0 errors, 0 left on base; Roswell 0 - Madison 1 |
| BOTTOM OF THE 3RD |
|
Madison Brewers batting - Pitching for Roswell Invaders : RHP Joe Schuler
|
|
Batting: RHB Ron Johansen
|
0-0: Called Strike 0-1: Foul Ball, location: 2F 0-2: Ball 1-2: Strikes out swinging
|
|
Batting: RHB Adam O'Hare
|
0-0: Ball 1-0: Called Strike 1-1: Swinging Strike 1-2: Hit by Pitch
|
|
Batting: RHB Dave Bateman
|
0-0: Ball 1-0: Called Strike Adam O'Hare steals 2nd base 1-1: Ball 2-1: Foul Ball, location: 2F 2-2: Strikes out swinging
|
|
Batting: SHB Hatsuo Miura
|
0-0: Ball 1-0: Called Strike 1-1: Ball 2-1: Foul Ball, location: 2F 2-2: Strikes out swinging
|
| Bottom of the 3rd over - 0 runs, 0 hits, 0 errors, 1 left on base; Roswell 0 - Madison 1 |
| TOP OF THE 4TH |
|
Roswell Invaders batting - Pitching for Madison Brewers : RHP Joe Shaw
|
|
Batting: RHB Alex Vasquez
|
0-0: Ground out 1-3 (Groundball, 13S, EV 70.0 MPH)
|
|
Batting: RHB Juan Espinoza
|
0-0: Swinging Strike 0-1: Called Strike 0-2: Ball 1-2: Ball 2-2: Fly out, F8 (Flyball, 89M, EV 78.1 MPH)
|
|
Batting: LHB Ruben Rocha
|
0-0: Hit by Pitch
|
|
Batting: RHB Ruben Torres
|
0-0: Ball 1-0: Ball 2-0: Fly out, F3 (Popup, 3F, EV 66.9 MPH)
|
| Top of the 4th over - 0 runs, 0 hits, 0 errors, 1 left on base; Roswell 0 - Madison 1 |
| BOTTOM OF THE 4TH |
|
Madison Brewers batting - Pitching for Roswell Invaders : RHP Joe Schuler
|
|
Batting: RHB David Kunze
|
0-0: Swinging Strike 0-1: Ball 1-1: SOLO HOME RUN (Flyball, 9D, EV 106.9 MPH), Distance : 407 ft
|
|
Batting: RHB Raymond Young
|
0-0: Called Strike 0-1: Foul Ball, location: 2F 0-2: Strikes out looking
|
|
Batting: RHB Bobby McCann
|
0-0: Ball 1-0: Ball 2-0: Ball 3-0: Base on Balls
|
|
Batting: LHB Andy Sanchez
|
0-0: Ball Bobby McCann steals 2nd base 1-0: SINGLE (Flyball, 56D, EV 98.1 MPH) Bobby McCann to third
|
|
Batting: RHB Gene Sutton
|
0-0: Ball Andy Sanchez is caught stealing 2nd base 2-4 1-0: Fly out, F3 (Flyball, 3D, EV 86.3 MPH)
|
| Bottom of the 4th over - 1 run, 2 hits, 0 errors, 1 left on base; Roswell 0 - Madison 2 |
| TOP OF THE 5TH |
|
Roswell Invaders batting - Pitching for Madison Brewers : RHP Joe Shaw
|
|
Batting: LHB Bobby Arevalo
|
0-0: Ball 1-0: Ball 2-0: Ball 3-0: Called Strike 3-1: Fly out, F8 (Flyball, 8LXD, EV 93.8 MPH)
|
|
Batting: RHB Marlon Reda
|
0-0: Ball 1-0: Foul Ball, location: 2F 1-1: Ground out 5-3 (Groundball, 56S, EV 71.9 MPH)
|
|
Batting: LHB Steve Reinhart
|
0-0: Fly out, F7 (Flyball, 7S, EV 96.3 MPH)
|
| Top of the 5th over - 0 runs, 0 hits, 0 errors, 0 left on base; Roswell 0 - Madison 2 |
| BOTTOM OF THE 5TH |
|
Madison Brewers batting - Pitching for Roswell Invaders : RHP Joe Schuler
|
|
Batting: RHB Ron Johansen
|
0-0: Foul Ball, location: 2F 0-1: Ball 1-1: Ball 2-1: Called Strike 2-2: Foul Ball, location: 2F 2-2: SINGLE (Line Drive, 78S, EV 107.5 MPH)
|
|
Batting: RHB Adam O'Hare
|
0-0: Ball 1-0: Foul Ball, location: 2F 1-1: Fly out, F8 (Flyball, 8LD, EV 100.0 MPH)
|
|
Batting: RHB Dave Bateman
|
0-0: Called Strike 0-1: Ball 1-1: Ball 2-1: Ball 3-1: Swinging Strike 3-2: Foul Ball, location: 2F 3-2: Fielders Choice at 2nd, 4-6 (Groundball, 4, EV 82.5 MPH)
|
|
Batting: SHB Hatsuo Miura
|
0-0: Ball 1-0: Ball 2-0: Ball 3-0: Called Strike 3-1: Base on Balls Dave Bateman to second
|
|
Batting: RHB David Kunze
|
0-0: Ball 1-0: Ball 2-0: Called Strike 2-1: SINGLE (Groundball, P, EV 75.6 MPH) (infield hit) Dave Bateman to third Hatsuo Miura to second
|
|
Batting: RHB Raymond Young
|
0-0: Called Strike 0-1: Ball 1-1: Called Strike 1-2: Foul Ball, location: 2F 1-2: Strikes out swinging
|
| Bottom of the 5th over - 0 runs, 2 hits, 0 errors, 3 left on base; Roswell 0 - Madison 2 |
| TOP OF THE 6TH |
|
Roswell Invaders batting - Pitching for Madison Brewers : RHP Joe Shaw
|
|
Batting: SHB Salvador Aragon
|
0-0: Foul Ball, location: 2F 0-1: Called Strike 0-2: Ball 1-2: Foul Ball, location: 2F 1-2: Foul Ball, location: 2F 1-2: Ball 2-2: Ground out 6-3 (Groundball, 6, EV 89.4 MPH)
|
|
Batting: RHB Dale Young
|
0-0: Foul Ball, location: 2F 0-1: Swinging Strike 0-2: Ball 1-2: Ball 2-2: Foul Ball, location: 2F 2-2: Strikes out swinging
|
|
Batting: RHB Alex Vasquez
|
0-0: Ball 1-0: Foul Ball, location: 2F 1-1: Fly out, F7 (Line Drive, 7, EV 90.6 MPH)
|
| Top of the 6th over - 0 runs, 0 hits, 0 errors, 0 left on base; Roswell 0 - Madison 2 |
| BOTTOM OF THE 6TH |
|
Madison Brewers batting - Pitching for Roswell Invaders : RHP Joe Schuler
|
|
Pitching: RHP Kasper Larkin
|
|
|
Batting: RHB Bobby McCann
|
0-0: Called Strike 0-1: Swinging Strike 0-2: Fly out, F7 (Flyball, 7S, EV 94.4 MPH)
|
|
Batting: LHB Andy Sanchez
|
0-0: Called Strike 0-1: Fly out, F9 (Flyball, 89M, EV 98.8 MPH)
|
|
Batting: RHB Gene Sutton
|
0-0: Ball 1-0: Ball 2-0: Called Strike 2-1: Ball 3-1: Foul Ball, location: 2F 3-2: Strikes out swinging
|
| Bottom of the 6th over - 0 runs, 0 hits, 0 errors, 0 left on base; Roswell 0 - Madison 2 |
| TOP OF THE 7TH |
|
Roswell Invaders batting - Pitching for Madison Brewers : RHP Joe Shaw
|
|
Batting: RHB Juan Espinoza
|
0-0: Foul Ball, location: 2F 0-1: Ball 1-1: Swinging Strike 1-2: Strikes out swinging
|
|
Batting: LHB Ruben Rocha
|
0-0: Called Strike 0-1: Foul Ball, location: 2F 0-2: Ball 1-2: Ball 2-2: Strikes out looking
|
|
Batting: RHB Ruben Torres
|
0-0: Foul Ball, location: 2F 0-1: Foul Ball, location: 2F 0-2: Ball 1-2: Ball 2-2: Ground out 6-3 (Groundball, 6, EV 88.8 MPH)
|
| Top of the 7th over - 0 runs, 0 hits, 0 errors, 0 left on base; Roswell 0 - Madison 2 |
| BOTTOM OF THE 7TH |
|
Madison Brewers batting - Pitching for Roswell Invaders : RHP Kasper Larkin
|
|
Batting: RHB Ron Johansen
|
0-0: Ball 1-0: SINGLE (Groundball, 56D, EV 103.1 MPH) (infield hit)
|
|
Batting: RHB Adam O'Hare
|
0-0: Ground out 6-3 (Groundball, P, EV 80.0 MPH) Ron Johansen to second
|
|
Batting: RHB Dave Bateman
|
0-0: Swinging Strike 0-1: Ball 1-1: Ball 2-1: Ball 3-1: Swinging Strike 3-2: Base on Balls
|
|
Batting: SHB Hatsuo Miura
|
0-0: Swinging Strike 0-1: Grounds into double play, 4-6-3 (Groundball, 4, EV 86.3 MPH)
|
| Bottom of the 7th over - 0 runs, 1 hit, 0 errors, 1 left on base; Roswell 0 - Madison 2 |
| TOP OF THE 8TH |
|
Roswell Invaders batting - Pitching for Madison Brewers : RHP Joe Shaw
|
|
Pitching: RHP Dave Hotaling
|
|
|
Batting: LHB Bobby Arevalo
|
0-0: Called Strike 0-1: Ball 1-1: Ball 2-1: Foul Ball, location: 2F 2-2: Ball 3-2: Base on Balls
|
|
Pinch Hitting: LHB Josh Kirk
|
0-0: Called Strike 0-1: Ball 1-1: Ball 2-1: Ball 3-1: Called Strike 3-2: Base on Balls Bobby Arevalo to second
|
|
Pinch Hitting: RHB Scott Carr
|
0-0: Ball 1-0: Called Strike 1-1: Ball 2-1: Called Strike 2-2: Ball 3-2: Base on Balls Bobby Arevalo to third Josh Kirk to second
|
|
Batting: SHB Salvador Aragon
|
0-0: Called Strike 0-1: Grounds into double play, 1-2-3 (Groundball, 34S, EV 63.8 MPH) Josh Kirk to third Scott Carr to second
|
|
Pinch Hitting: SHB Luis Lira
|
0-0: Ball 1-0: Ball 2-0: Foul Ball, location: 2F 2-1: Swinging Strike 2-2: Strikes out swinging
|
| Top of the 8th over - 0 runs, 0 hits, 0 errors, 2 left on base; Roswell 0 - Madison 2 |
| BOTTOM OF THE 8TH |
|
Madison Brewers batting - Pitching for Roswell Invaders : RHP Kasper Larkin
|
|
Pitching: LHP Yorinobu Noguchi
|
|
|
Now at 2B: Luis Dominguez
|
|
|
Now at 3B: T.J. Duvall
|
|
|
Now at SS: Josh Kirk
|
|
|
Batting: RHB David Kunze
|
0-0: Ball 1-0: Ball 2-0: Fly out, F9 (Flyball, 9LD, EV 97.5 MPH)
|
|
Batting: RHB Raymond Young
|
0-0: Fly out, F9 (Flyball, 9D, EV 96.9 MPH)
|
|
Batting: RHB Bobby McCann
|
0-0: Called Strike 0-1: Fly out, F3 (Popup, 34, EV 68.1 MPH)
|
| Bottom of the 8th over - 0 runs, 0 hits, 0 errors, 0 left on base; Roswell 0 - Madison 2 |
| TOP OF THE 9TH |
|
Roswell Invaders batting - Pitching for Madison Brewers : RHP Dave Hotaling
|
|
Pitching: RHP Addick Huiberts
|
|
|
Now in RF: Jason Costa
|
|
|
Batting: RHB Alex Vasquez
|
0-0: Fly out, F8 (Flyball, 8LXD, EV 110.0 MPH)
|
|
Batting: RHB Juan Espinoza
|
0-0: Called Strike 0-1: Foul Ball, location: 2F 0-2: Strikes out looking
|
|
Batting: LHB Ruben Rocha
|
0-0: Ball 1-0: Called Strike 1-1: Ball 2-1: Ball 3-1: Base on Balls
|
|
Batting: RHB Ruben Torres
|
0-0: SINGLE (Groundball, 34S, EV 70.0 MPH) (infield hit) Ruben Rocha to second
|
|
Batting: LHB Bobby Arevalo
|
0-0: Swinging Strike 0-1: Ball 1-1: Fly out, F7 (Flyball, 7D, EV 102.5 MPH)
|
| Top of the 9th over - 0 runs, 1 hit, 0 errors, 2 left on base; Roswell 0 - Madison 2 |
|